 Dungeon Crawl Stone Soup version 0.21.1-1-g345015fe64 (webtiles) character file.

107 Alannah the Ducker (level 4, -3/35 HPs)
             Began as a Demonspawn Monk on Mar 29, 2018.
             Slain by an orc wizard
             ... wielding a +1 dagger of venom
              (4 damage)
             ... on level 3 of the Dungeon.
             The game lasted 00:06:29 (1574 turns).

Alannah the Ducker (Demonspawn Monk)                Turns: 1574, Time: 00:06:30

Health: -3/35      AC:  3    Str: 16 (17) XL:     4   Next: 57%
Magic:  4/4        EV: 15    Int: 10 (11) God:
Gold:   87         SH:  0    Dex: 13 (16) Spells: 3/3 levels left

rFire    . . .     SeeInvis .   g - +2 dagger (speed)
rCold    . . .     Gourm    .   (no shield)
rNeg     . . .     Faith    .   b - +0 robe
rPois    .         Spirit   .   (no helmet)
rElec    .         Reflect  .   n - +0 cloak
rCorr    .         Harm     .   (no gloves)
MR       .....                  (no boots)
Stlth    ++........             (no amulet)
HPRegen  0.11/turn              h - +5 ring of strength
MPRegen  0.09/turn              (no ring)

@: lethally poisoned (-3 -> -23)
A: hooves 1, repulsion field 1
a: no special abilities


You were on level 3 of the Dungeon.
You were very hungry.

You visited 1 branch of the dungeon, and saw 3 of its levels.

You collected 87 gold pieces.

Inventory:

Hand Weapons
 a - a +0 short sword
 g - a +2 dagger of speed (weapon)
 m - a +0 dagger of draining
Armour
 b - a +0 robe (worn)
 n - a +0 cloak (worn)
Jewellery
 h - a +5 ring of strength (left hand)
Scrolls
 d - 2 scrolls of immolation {unknown}
 e - a scroll of identify {unknown}
 f - 3 scrolls of remove curse {unknown}
 i - a scroll of teleportation {unknown}
 j - a scroll of amnesia {unknown}
 k - a scroll of blinking {unknown}
Comestibles
 c - 2 rations


   Skills:
 + Level 3.5 Fighting
 + Level 3.1 Short Blades
 * Level 3.6 Dodging
 + Level 3.0 Stealth


You had 3 spell levels left.
You didn't know any spells.

Dungeon Overview and Level Annotations

Branches:
Dungeon (3/15)

Altars:
Nemelex Xobeh


Innate Abilities, Weirdness & Mutations

You have large cloven feet.
You are surrounded by a mild repulsion field. (EV +2)


Message History

You hit something. Your kick misses something.
* * * LOW HITPOINT WARNING * * *
You feel sick. The bat closely misses you. The orc barely misses you.
Something hits you but does no damage.
You are more poisoned.
You miss something.
* * * LOW HITPOINT WARNING * * *
You feel sick. The bat hits you but does no damage. The bat closely misses you.
The orc hits you but does no damage.
You barely miss something. You kick something.
* * * LOW HITPOINT WARNING * * *
You feel sick. The bat hits you but does no damage.
Something completely misses you. The hobgoblin misses you.
You miss something. Your kick misses something.
* * * LOW HITPOINT WARNING * * *
You feel sick. The bat misses you. The orc misses you.
You hit something.
* * * LOW HITPOINT WARNING * * *
You feel sick. Something hits you.
You die...

### ###### ######
##... #....# ......
.....###....###......
.....................
.................$...
..............{.....#
.......†††...@o.#
g.........[..bg.#
.......<†......##
...................
.....#........#.....
##............#.....
#............(.....
......#.....%.......
. ....+.............


You could see an orc, a hobgoblin and a bat.

Vanquished Creatures
  Crazy Yiuf (D:2)
  4 adders
  A leopard gecko (D:2)
  3 orcs
  3 giant cockroaches
  5 goblins (D:1)
  A hobgoblin (D:2)
  4 jackals
  4 kobolds
  5 bats
  4 frilled lizards
  3 rats
38 creatures vanquished.

Notes
Turn   | Place    | Note
-------+----------+-------------------------------------------
     0 | D:1      | Alannah the Demonspawn Monk began the quest for the Orb.
     0 | D:1      | Reached XP level 1. HP: 18/18 MP: 1/1
   497 | D:1      | Gained mutation: You are surrounded by a mild repulsion field. (EV +2) [demonic ancestry]
   497 | D:1      | Reached XP level 2. HP: 24/24 MP: 2/2
   845 | D:2      | Reached XP level 3. HP: 23/29 MP: 3/3
  1254 | D:2      | Found a sparkling altar of Nemelex Xobeh.
  1451 | D:2      | Found a runed door.
  1455 | D:2      | Noticed Crazy Yiuf
  1459 | D:2      | Killed Crazy Yiuf
  1459 | D:2      | Gained mutation: You have large cloven feet. [demonic ancestry]
  1459 | D:2      | Reached XP level 4. HP: 35/35 MP: 4/4
  1574 | D:3      | HP: 1/35 [poisoned by an orc wizard]
  1574 | D:3      | Slain by an orc wizard

Skill      XL: |  1  2  3 |
---------------+----------+-----
Stealth        | 2 3 |  3.0
Dodging        | 3 |  3.6
Short Blades   | 3 |  3.1
Fighting       | |  3.5

Action                   |  1- 3 |  4- 6 || total
-------------------------+-------+-------++-------
Melee: Short sword       |    26 |       ||    26
       Dagger            |    89 |    38 ||   127
       Kick              |       |    15 ||    15
  Use: Potion            |       |     1 ||     1
 Stab: Sleeping          |     4 |       ||     4
  Eat: Chunk             |     1 |       ||     1
Armor: Robe              |    13 |    18 ||    31
Dodge: Dodged            |    65 |    33 ||    98
